 Dungeon Crawl Stone Soup version 0.27.1-15-g792fb953b9 (webtiles) character file.

Game seed: 10216733727260979184

431 pkoi the Shield-Bearer (level 7, 0/55 HPs)
             Began as a Formicid Fighter on Nov 19, 2021.
             Was an Initiate of Okawaru.
             Slain by an orc warrior (6 damage)
             ... on level 4 of the Dungeon.
             The game lasted 00:03:50 (4420 turns).

pkoi the Shield-Bearer (Formicid Fighter)           Turns: 4420, Time: 00:03:50

Health: 0/55       AC:  7    Str: 22    XL:     7   Next: 19%
Magic:  7/7        EV:  8    Int:  8    God:    Okawaru [......]
Gold:   270        SH: 10    Dex: 10    Spells: 6/6 levels left

rFire    . . .     SeeInvis +   a - +0 long sword
rCold    . . .     Faith    .   c - +0 kite shield
rNeg     . . .     Spirit   .   b - +0 scale mail
rPois    .         Reflect  .   (helmet unavailable)
rElec    .         Harm     .   (no cloak)
rCorr    .         Rampage  .   (no gloves)
Will     .....                  (no boots)
Stlth    ..........             (no amulet)
HPRegen  0.18/turn              (no ring)
MPRegen  0.10/turn              (no ring)

@: no status effects
A: permanent stasis, dig shafts and tunnels, antennae 3, four strong arms
a: Dig, Shaft Self, Renounce Religion


You were on level 4 of the Dungeon.
You worshipped Okawaru.
Okawaru was noncommittal.
You visited 2 branches of the dungeon, and saw 6 of its levels.

You collected 270 gold pieces.

Inventory:

Hand Weapons
 a - a +0 long sword (weapon)
 j - a +4 short sword of venom
Missiles
 p - a throwing net
Armour
 b - a +0 scale mail (worn)
 c - a +0 kite shield (worn)
Scrolls
 e - 2 scrolls of fear {unknown}
 f - 3 scrolls of enchant armour {unknown}
 h - a scroll of noise {unknown}
 i - 4 scrolls of teleportation {unknown}
 k - 2 scrolls of identify {unknown}
 o - a scroll of enchant weapon {unknown}
Potions
 d - 2 potions of might
 g - 2 potions of curing {unknown}
 l - a potion of invisibility {unknown}
 m - a potion of haste {unknown}
 n - a potion of mutation {unknown}


   Skills:
 + Level 4.8 Fighting
 + Level 4.2 Long Blades
 + Level 4.9 Armour
 - Level 0.3 Dodging
 + Level 5.4 Shields


You had 6 spell levels left.
You didn't know any spells.
Your spell library contained the following spells:

 Spells                   Type           Power      Damage    Failure   Level
 Magic Dart               Conj           0%         1d3       93%         1
 Call Imp                 Summ           0%         N/A       98%         2
 Ignite Poison            Fire/Tmut/Pois 0%         N/A       100%        3
 Mephitic Cloud           Conj/Pois/Air  0%         N/A       100%        3
 Stone Arrow              Conj/Erth      0%         3d7       100%        3
 Passage of Golubria      Tloc           N/A        N/A       100%        4
 Bolt of Magma            Conj/Fire/Erth 0%         4d4       100%        5
 Silence                  Hex/Air        0%         N/A       100%        5
 Lehudib's Crystal Spear  Conj/Erth      0%         10d2      100%        8
 Shatter                  Erth           0%         3d5*      100%        9


Dungeon Overview and Level Annotations

Branches:
Dungeon (5/15)             Temple (1/1) D:4

Altars:
Ashenzari
Cheibriados
Dithmenos
Elyvilon
Fedhas
Gozag
Hepliaklqana
Kikubaaqudgha
Makhleb
Nemelex Xobeh
Okawaru
Qazlal
Ru
Sif Muna
Trog
Vehumet
Wu Jian
Xom
Yredelemnul
Zin
The Shining One


Innate Abilities, Weirdness & Mutations

You cannot be hasted, slowed, berserked, paralysed or teleported.
You can dig through walls and to a lower floor.
You have a pair of large antennae on your head. (SInv)
Your four strong arms can wield two-handed weapons with a shield.


Message History

There is a stone staircase leading down here.
You climb downwards.
You block the orc warrior's attack. x2
There is a stone staircase leading up here.
Unknown command.
The orc hits you with a +0 hand axe. You block the orc warrior's attack.
You climb upwards.
There is a stone staircase leading down here.
Unknown command.
You hit the orc.
The orc is lightly wounded.
The orc hits you with a +0 hand axe.
The orc warrior hits you with a +0 halberd!
The orc hits you but does no damage.
You hit the orc but do no damage.
The orc is lightly wounded.
The orc warrior hits you with a +0 halberd!!
* * * LOW HITPOINT WARNING * * *
You block the orc's attack.
You hit the orc.
The orc is severely wounded.
The orc warrior hits you with a +0 halberd.
* * * LOW HITPOINT WARNING * * *
The orc barely misses you.
You closely miss the orc.
The orc is severely wounded.
The orc warrior misses you. The orc hits you with a +0 hand axe.
* * * LOW HITPOINT WARNING * * *
You block the orc warrior's attack. The orc hits you with a +0 hand axe.
* * * LOW HITPOINT WARNING * * *
Okay, then.
Unknown command.
Okay, then.
Unknown command.
Okay, then.
Okay, then.
Unknown command.
You extend your mandibles.
You dig through the rock wall.
The orc warrior hits you from afar with a +0 halberd.
You die...

#...#...#.#########
###.###.#.#### #.#
#.#....#
#.###.####.#
#####.....# #.#
#......#######.#
######o# #.....#
##># #.##### #@o#
#.# ##.###.#
#.....# #######


You could see an orc warrior and an orc.

Vanquished Creatures
  Grinder (D:3)
  A centaur zombie (D:4)
  Jessica (D:3)
  A hound skeleton (D:4)
  A howler monkey skeleton (D:4)
  A gnoll (D:5)
  4 adders
  An ufetubus (D:4)
  2 worms (D:2)
  4 dart slugs
  5 orcs
  6 ball pythons
  6 endoplasms
  A giant cockroach (D:2)
  9 goblins
  13 hobgoblins
  4 jackals (D:1)
  4 quokkas
  7 bats
  7 frilled lizards
  8 kobolds
  5 rats
92 creatures vanquished.

Notes
Turn   | Place    | Note
-------+----------+-------------------------------------------
     0 | D:1      | pkoi the Formicid Fighter began the quest for the Orb.
     0 | D:1      | Reached XP level 1. HP: 18/18 MP: 1/1
   258 | D:1      | Reached XP level 2. HP: 24/24 MP: 2/2
   369 | D:1      | Reached skill level 4 in Shields
   424 | D:1      | Found a faded altar of an unknown god.
   524 | D:1      | Reached XP level 3. HP: 25/29 MP: 3/3
  1401 | D:2      | Reached XP level 4. HP: 36/37 MP: 4/4
  2670 | D:3      | Reached XP level 5. HP: 42/42 MP: 5/5
  2774 | D:3      | Noticed Jessica
  2781 | D:3      | Killed Jessica
  2944 | D:3      | Noticed Grinder
  2962 | D:3      | Killed Grinder
  2963 | D:3      | Reached skill level 5 in Shields
  2963 | D:3      | Reached XP level 6. HP: 47/49 MP: 6/6
  3337 | D:4      | Reached XP level 7. HP: 44/55 MP: 7/7
  3600 | D:4      | Found a staircase to the Ecumenical Temple.
  3629 | Temple   | Entered the Ecumenical Temple
  3883 | Temple   | Became a worshipper of Warmaster Okawaru
  4263 | D:5      | Entered Level 5 of the Dungeon
  4420 | D:4      | Slain by an orc warrior

Illustrated notes

Levels and vault maps discovered:
D:1:      giann_wishing_wells, layout_loops_ring, basic_ecumenical_altar,
          hangedman_decor_push
D:2:      layout_basic
D:3:      layout_rooms, uniq_jessica, uniq_grinder
D:4:      layout_basic, minmay_temple_entry_trees
D:5:      lemuel_ratsnest, layout_rooms, minmay_misc_feat_plants, uniq_pikel,
          uniq_sigmund, uniq_duvessa
Temple:   nicolae_temple_the_god_donut

Skill      XL: |  1  2  3  4  5 |
---------------+----------------+-----
Shields        | 4 5 |  5.4
Long Blades    | 3 4 |  4.2
Armour         | 4 |  4.9
Fighting       | 4 |  4.8
Dodging        | |  0.3

Action                   |  1- 3 |  4- 6 |  7- 9 || total
-------------------------+-------+-------+-------++-------
Melee: Long sword        |   114 |    82 |    40 ||   236
       Short sword       |       |    62 |       ||    62
 Abil: Dig               |       |       |     1 ||     1
Armor: Scale mail        |    50 |    50 |    21 ||   121
Dodge: Dodged            |    48 |    34 |    14 ||    96
Block: Kite shield       |    65 |    69 |    29 ||   163
       Rpst.: Long sword |     9 |     2 |     3 ||    14
